 Dungeon Crawl Stone Soup version 0.30-a0-778-g2ef04afb54 (webtiles) character file.

Game seed: 10365592845055529221

195 mopl the Ducker (level 5, -1/47 HPs)
             Began as a Gnoll Monk on Feb 15, 2023.
             Slain by a kobold brigand
             ... wielding a +0 whip
              (7 damage)
             ... in a sewer.
             The game lasted 00:03:51 (2161 turns).

mopl the Ducker (Gnoll Monk)                        Turns: 2161, Time: 00:03:52

Health: -1/47      AC:  6    Str: 12    XL:     5   Next: 74%
Magic:  7/7        EV: 13    Int: 10    God:
Gold:   91         SH:  0    Dex: 14    Spells: 7/7 levels left

rFire   . . .      SeeInvis .    a - +0 mace
rCold   . . .      Faith    .    (no shield)
rNeg    . . .      Spirit   .    j - +0 ring mail
rPois   .          Reflect  .    (no helmet)
rElec   .          Harm     .    (no cloak)
rCorr   +          Rampage  .    h - +0 pair of gloves
Will    .....                    (no boots)
Stlth   +                        (no amulet)
HPRegen 0.27/turn                u - ring of resist corrosion
MPRegen 0.10/turn                (no ring)

@: very slow
A: fangs 1, strong nose, distributed training
a: no special abilities


You were in a sewer.
You visited 1 branch of the dungeon, and saw 3 of its levels.
You also visited: Sewer.

You collected 91 gold pieces.

Inventory:

Hand Weapons
 a - a +0 mace (weapon)
 t - a +0 dagger of draining
Missiles
 k - 11 poisoned darts (quivered)
Armour
 h - a +0 pair of gloves (worn)
 j - a +0 ring mail (worn)
Magical Staves
 b - a staff of earth
Jewellery
 u - a ring of resist corrosion (left hand)
Wands
 v - a wand of mindburst (21)
Scrolls
 d - 2 scrolls of teleportation {unknown}
 e - a scroll of enchant weapon {unknown}
 i - a scroll of poison {unknown}
 m - 6 scrolls of identify {unknown}
 o - a scroll of vulnerability {unknown}
 p - a scroll of magic mapping {unknown}
 s - a scroll of noise {unknown}
 x - 2 scrolls of blinking {unknown}
Potions
 c - a potion of ambrosia
 f - 2 potions of flight {unknown}
 g - a potion of invisibility {unknown}
 l - a potion of brilliance {unknown}
 n - 2 potions of curing {unknown}
 q - a potion of degeneration {unknown}
 r - a potion of attraction {unknown}
 w - 3 potions of might {unknown}


   Skills:
 + Level 6.7 Fighting
 + Level 1.7 Short Blades
 + Level 1.7 Long Blades
 + Level 1.7 Axes
 + Level 6.7 Maces & Flails
 + Level 1.7 Polearms
 + Level 1.7 Staves
 + Level 1.7 Ranged Weapons
 + Level 1.7 Throwing
 + Level 1.7 Armour
 + Level 6.7 Dodging
 + Level 4.5 Stealth
 + Level 1.7 Shields
 + Level 1.7 Unarmed Combat
 + Level 1.7 Spellcasting
 + Level 1.3 Conjurations
 + Level 1.3 Hexes
 + Level 1.3 Summonings
 + Level 1.3 Necromancy
 + Level 1.3 Translocations
 + Level 1.3 Transmutations
 + Level 1.3 Fire Magic
 + Level 1.3 Ice Magic
 + Level 1.3 Air Magic
 + Level 1.3 Earth Magic
 + Level 1.3 Poison Magic
 + Level 1.9 Invocations
 + Level 1.7 Evocations


You had 7 spell levels left.
You didn't know any spells.
Your spell library was empty.

Dungeon Overview and Level Annotations

Branches:
Dungeon (3/15)              Sewer (1/1)

Altars:


Innate Abilities, Weirdness & Mutations

You have very sharp teeth.
Your uncanny sense of smell can sniff out nearby items.
Your experience applies equally to all skills.


Message History

You feel sick.
The kobold brigand hits you with a +0 whip!
You closely miss the kobold brigand.
The kobold brigand is lightly wounded.
You feel sick.
The kobold brigand splashes around in the water.
You barely miss the kobold brigand.
The kobold brigand is lightly wounded.
You feel sick.
The kobold brigand hits you with a +0 whip!
You are too injured to fight recklessly!
You are too injured to fight recklessly!
You are too injured to fight recklessly!
You are too injured to fight recklessly!
You are too injured to fight recklessly!
You are too injured to fight recklessly!
You are too injured to fight recklessly!
You are too injured to fight recklessly!
You are too injured to fight recklessly!
You are too injured to fight recklessly!
You are too injured to fight recklessly!
You barely miss the kobold brigand. Your bite misses the kobold brigand.
The kobold brigand is moderately wounded.
You feel sick. The kobold brigand barely misses you.
You hit the kobold brigand.
The kobold brigand is moderately wounded.
You feel sick.
You are no longer poisoned.
A nearby plant withers and dies.
The kobold brigand hits you with a +0 whip.
* * * LOW HITPOINT WARNING * * *
You hit the kobold brigand.
The kobold brigand is heavily wounded.
The kobold brigand looks more healthy.
The kobold brigand hits you with a +0 whip.
* * * LOW HITPOINT WARNING * * *
You thump the kobold brigand!
The kobold brigand is almost dead.
The kobold brigand hits you with a +0 whip!
You die...

≈≈≈≈≈.†...~~.~..~~~~~~# #.##
≈≈≈≈≈≈.~~.†P.P~~..~~..####.~
≈≈≈≈≈≈.~~..P....~..~.~~.####
≈≈≈≈≈≈≈..~#~#~~.~~......###
≈≈≈≈≈≈≈~..#~#...P...~†....##
≈≈≈≈≈≈≈≈≈≈#~#≈≈.~~P~†~.~~.~#
≈≈≈≈≈≈≈≈≈≈#~#≈≈≈≈≈#P#~...~..
≈≈≈≈≈≈≈≈≈#~#≈≈≈≈≈#≈#≈≈≈~~~.
≈≈≈≈≈≈≈≈≈#@#≈≈≈≈≈#≈#≈≈≈≈≈≈≈
≈≈≈≈≈≈≈≈≈#K#≈≈≈≈≈#≈#≈≈≈≈≈≈≈
#≈≈≈≈≈≈≈≈#~#≈≈≈≈≈#≈#≈≈≈≈≈≈≈
#~#≈≈≈ #≈#≈≈≈≈≈≈≈ #~#
#≈#≈≈≈≈≈≈≈ #~# #≈≈≈≈≈≈≈ #~#
.(.


You could see a kobold brigand.

Vanquished Creatures
  A kobold brigand (Sewer)
  2 adders (Sewer)
  3 river rats
  A worm (D:3)
  2 orcs (D:3)
  6 ball pythons
  8 endoplasms
  6 giant cockroaches
  8 goblins
  11 hobgoblins
  2 quokkas (D:2)
  A bat (D:1)
  4 frilled lizards (Sewer)
  5 kobolds
  11 rats
71 creatures vanquished.

Vanquished Creatures (others)
  10 plants
10 creatures vanquished.

Grand Total: 81 creatures vanquished

Notes
Turn   | Place    | Note
-------+----------+-------------------------------------------
     0 | D:1      | mopl the Gnoll Monk began the quest for the Orb.
     0 | D:1      | Reached XP level 1. HP: 23/23 MP: 1/1
   255 | D:1      | Reached XP level 2. HP: 28/29 MP: 2/2
   710 | D:2      | Reached XP level 3. HP: 35/35 MP: 3/3
  1042 | D:2      | Reached skill level 1 in Invocations
  1101 | D:2      | Reached skill level 1 in Short Blades
  1101 | D:2      | Reached skill level 1 in Long Blades
  1101 | D:2      | Reached skill level 1 in Axes
  1101 | D:2      | Reached skill level 1 in Polearms
  1101 | D:2      | Reached skill level 1 in Staves
  1101 | D:2      | Reached skill level 1 in Ranged Weapons
  1101 | D:2      | Reached skill level 1 in Throwing
  1101 | D:2      | Reached skill level 1 in Armour
  1101 | D:2      | Reached skill level 1 in Shields
  1101 | D:2      | Reached skill level 1 in Unarmed Combat
  1101 | D:2      | Reached skill level 1 in Spellcasting
  1101 | D:2      | Reached skill level 1 in Evocations
  1555 | D:3      | Reached XP level 4. HP: 41/41 MP: 5/5
  1841 | D:3      | Found a glowing drain.
  1863 | D:3      | Reached skill level 1 in Conjurations
  1863 | D:3      | Reached skill level 1 in Hexes
  1863 | D:3      | Reached skill level 1 in Summonings
  1863 | D:3      | Reached skill level 1 in Necromancy
  1863 | D:3      | Reached skill level 1 in Translocations
  1863 | D:3      | Reached skill level 1 in Transmutations
  1863 | D:3      | Reached skill level 1 in Fire Magic
  1863 | D:3      | Reached skill level 1 in Ice Magic
  1863 | D:3      | Reached skill level 1 in Air Magic
  1863 | D:3      | Reached skill level 1 in Earth Magic
  1863 | D:3      | Reached skill level 1 in Poison Magic
  1870 | Sewer    | Entered a sewer
  1982 | Sewer    | Noticed a kobold brigand
  2004 | Sewer    | Killed a kobold brigand
  2005 | Sewer    | Reached XP level 5. HP: 42/47 MP: 5/7
  2147 | Sewer    | Noticed a kobold brigand
  2161 | Sewer    | Slain by a kobold brigand

Illustrated notes

Levels and vault maps discovered:
D:1:      ncdulo_smallfort, layout_loops_cross
D:2:      layout_loops_ring, chequers_serial_rivers_small_3
D:3:      layout_basic, serial_forest, infiniplex_forest_end_double,
          infiniplex_forest_clump_C, infiniplex_forest_clump_cross,
          infiniplex_forest_clump_C, infiniplex_forest_straight_5,
          portal_sewer_entry_b, chequers_serial_rivers_micro_c, uniq_natasha,
          uniq_crazy_yiuf_cottage
Sewer:    sewer_co_scattered_pipes

Skill      XL: |  1  2  3  4 |
---------------+-------------+-----
Invocations    | 1 |  1.9
Short Blades   | 1 |  1.7
Long Blades    | 1 |  1.7
Axes           | 1 |  1.7
Polearms       | 1 |  1.7
Staves         | 1 |  1.7
Ranged Weapons | 1 |  1.7
Throwing       | 1 |  1.7
Armour         | 1 |  1.7
Shields        | 1 |  1.7
Unarmed Combat | 1 |  1.7
Spellcasting   | 1 |  1.7
Evocations     | 1 |  1.7
Conjurations   | 1 |  1.3
Hexes          | 1 |  1.3
Summonings     | 1 |  1.3
Necromancy     | 1 |  1.3
Translocations | 1 |  1.3
Transmutations | 1 |  1.3
Fire Magic     | 1 |  1.3
Ice Magic      | 1 |  1.3
Air Magic      | 1 |  1.3
Earth Magic    | 1 |  1.3
Poison Magic   | 1 |  1.3
Fighting       | |  6.7
Maces & Flails | |  6.7
Dodging        | |  6.7
Stealth        | |  4.5

Action                     |  1- 3 |  4- 6 || total
---------------------------+-------+-------++-------
  Melee: Mace              |   122 |    94 ||   216
         Bite              |    13 |    12 ||    25
         Punch             |     1 |       ||     1
  Throw: Dart              |       |     9 ||     9
   Stab: Sleeping          |    12 |     3 ||    15
 Armour: Robe              |     1 |       ||     1
         Ring mail         |    25 |    33 ||    58
  Dodge: Dodged            |    73 |    45 ||   118

Table legend: (Time is in decaauts)
 A = Elapsed time spent in this place.
 B = Non-inter-level travel time spent in this place.
 C = Inter-level travel time spent in this place.
 D = Time resting spent in this place.
 E = Time spent auto-exploring this place.
 F = Levels seen in this place.
 G = Mean time per level.
                   A        B        C        D        E       F      G
               +--------+--------+--------+--------+--------+-----+--------+
         Total |   2243 |   2157 |     86 |     77 |   1188 |   4 |  560.8 |
       Dungeon |   1884 |   1798 |     86 |     77 |   1053 |   3 |  628.0 |
         Sewer |    358 |    358 |      0 |      0 |    135 |   1 |  358.0 |
               +--------+--------+--------+--------+--------+-----+--------+

Top non-repeatable levels by time:
     D:2: 789 daAuts
     D:1: 681 daAuts
     D:3: 413 daAuts
   Sewer: 358 daAuts
